 Dungeon Crawl Stone Soup version 0.30-a0-297-g0ec75d9ef4 (webtiles) character file.

Game seed: 8064119072835806630

621 bande the Covered (level 7, -7/44 HPs)
             Began as a Gargoyle Fighter on Oct 19, 2022.
             Mangled by an ice beast (13 damage)
             ... on level 5 of the Dungeon.
             The game lasted 00:06:51 (4240 turns).

bande the Covered (Gargoyle Fighter)                Turns: 4240, Time: 00:06:52

Health: -7/44      AC: 13    Str: 20    XL:     7   Next: 46%
Magic:  7/7        EV:  9    Int:  8    God:
Gold:   148        SH:  4    Dex: 11    Spells: 6/6 levels left

rFire   . . .      SeeInvis .    a - +0 war axe
rCold   . . .      Faith    .    c - +0 buckler
rNeg    + . .      Spirit   .    b - +0 scale mail
rPois   ∞          Reflect  .    t - +0 helmet
rElec   +          Harm     .    (no cloak)
rCorr   .          Rampage  .    (no gloves)
Will    +....                    (no boots)
Stlth   ..........               (no amulet)
HPRegen 0.27/turn                r - ring of willpower
MPRegen 0.10/turn                (no ring)

@: no status effects
A: sickness immunity, AC +4, negative energy resistance 1, electricity
resistance, torment resistance 1, petrification resistance
a: no special abilities


You were on level 5 of the Dungeon.
You visited 1 branch of the dungeon, and saw 5 of its levels.
You also visited: Sewer.

You collected 148 gold pieces.

Inventory:

Hand Weapons
 a - a +0 war axe (weapon)
 d - a +2 flail of protection
Armour
 b - a +0 scale mail (worn)
 c - a +0 buckler (worn)
 t - a +0 helmet (worn)
Jewellery
 r - a ring of willpower (left hand)
Wands
 n - a wand of polymorph (5)
 u - a wand of iceblast (8)
Scrolls
 j - 4 scrolls of poison
 m - a scroll of fear
 p - a scroll of teleportation
Potions
 e - a potion of attraction {unknown}
 f - 3 potions of haste {unknown}
 g - a potion of brilliance {unknown}
 h - 2 potions of cancellation {unknown}
 i - 2 potions of heal wounds {unknown}
 k - a potion of resistance {unknown}
 l - 3 potions of curing
 q - a potion of magic {unknown}
 s - a potion of mutation {unknown}


   Skills:
 + Level 4.9 Fighting
 + Level 5.1 Axes
 + Level 5.1 Armour
 - Level 0.2 Stealth
 + Level 4.2 Shields
 * Level 1.1 Evocations


You had 6 spell levels left.
You didn't know any spells.
Your spell library contained the following spells:

 Spells                   Type           Power      Damage    Failure   Level
 Blink                    Tloc           0%         N/A       93%         2
 Momentum Strike          Conj/Tloc      0%         3d8       93%         2
 Lesser Beckoning         Tloc           0%         N/A       99%         3


Dungeon Overview and Level Annotations

Branches:
Dungeon (5/15)             Temple (0/1) D:5           Sewer (visited)

Altars:
Gozag
Ru
Yredelemnul


Innate Abilities, Weirdness & Mutations

You are immune to sickness and miasma.
Your stone body is resilient. (AC +4)
You are immune to poison.
You resist negative energy. (rN+)
You are resistant to electric shocks. (rElec)
You are resistant to unholy torment.
You are immune to petrification.


Message History

There is a stone staircase leading down here.
You climb downwards.
You hear the hiss of flowing sand.
There is an entrance to an ossuary on this level.
Hurry and find it before the portal is buried!
There is a stone staircase leading up here.
As you read the scroll of magic mapping, it crumbles to dust.
You feel aware of your surroundings.
You sensed 2 altars, and 3 shops/portals.
Found a stone staircase leading up.
There is a stone staircase leading up here.
An ice beast comes into view.
You slash the ice beast!
The ice beast is heavily wounded.
You block the ice beast's attack.
You hit the ice beast.
The ice beast is severely wounded.
You block the ice beast's attack.
You closely miss the ice beast.
The ice beast is heavily wounded.
The ice beast hits you but does no damage.
You hit the ice beast.
The ice beast is severely wounded.
The ice beast hits you. The ice beast freezes you! The ice beast hits you.
The ice beast freezes you!
You barely miss the ice beast.
The ice beast is severely wounded.
The ice beast barely misses you.
You barely miss the ice beast.
The ice beast is severely wounded.
The ice beast hits you. The ice beast freezes you!
* * * LOW HITPOINT WARNING * * *
You completely miss the ice beast.
The ice beast is severely wounded.
The ice beast hits you but does no damage.
You barely miss the ice beast.
The ice beast is severely wounded.
The ice beast hits you.
* * * LOW HITPOINT WARNING * * *
The ice beast freezes you!
You die...

**8** *,,,***,#.#.#**,#*,*
*,,,* *,,,* #.#...# *.#*,*
*,,,***,,,* #.###.###.#*,*
*,∩,,,∩,,,* #.* #<....#*,*
**,,,***,,,*##.#####.####.#
,*,,,* *,,,,,...Y.........#
,**8** *,,,**#.#####.######
***** *,,,* #.#####.# ,*
*,,,* #..@Y...# ** *,,,*
######### *,,,* *,,,* *****


You could see an ice beast.

Vanquished Creatures
  Sigmund (D:2)
  An ice beast (D:4)
  A kobold brigand (Sewer)
  A scorpion (D:4)
  Terence (D:2)
  5 adders
  5 river rats (Sewer)
  An ufetubus (D:4)
  2 adder zombies (D:3)
  A worm (D:4)
  4 dart slugs
  5 orcs
  7 ball pythons
  8 endoplasms
  6 giant cockroaches
  3 goblins
  2 hobgoblins
  18 kobolds
  4 quokkas
  4 bats
  2 frilled lizards
  21 rats
103 creatures vanquished.

Vanquished Creatures (others)
  A plant (D:4)
1 creature vanquished.

Grand Total: 104 creatures vanquished

Notes
Turn   | Place    | Note
-------+----------+-------------------------------------------
     0 | D:1      | bande the Gargoyle Fighter began the quest for the Orb.
     0 | D:1      | Reached XP level 1. HP: 14/14 MP: 1/1
   261 | D:1      | Reached XP level 2. HP: 18/19 MP: 2/2
   713 | D:2      | Reached XP level 3. HP: 24/24 MP: 3/3
   784 | D:2      | Noticed Terence
   814 | D:2      | Killed Terence
   815 | D:2      | Reached XP level 4. HP: 4/29 MP: 4/4
  1327 | D:2      | Noticed Sigmund
  1339 | D:2      | Killed Sigmund
  1340 | D:2      | Reached XP level 5. HP: 18/34 MP: 5/5
  1340 | D:2      | Reached XP level 6. HP: 21/39 MP: 6/6
  1849 | D:3      | Found a faded altar of an unknown god.
  1857 | D:3      | Found a glowing drain.
  1893 | Sewer    | Entered a sewer
  2836 | D:3      | Reached XP level 7. HP: 42/44 MP: 7/7
  3038 | D:3      | Found a basalt altar of Yredelemnul.
  3193 | D:4      | Reached skill level 5 in Armour
  3220 | D:4      | Found an opulent altar of Gozag.
  3226 | D:4      | Found an opulent altar of Gozag.
  3542 | D:4      | Found a sacrificial altar of Ru.
  3650 | D:4      | Reached skill level 5 in Axes
  3650 | D:4      | Reached skill level 1 in Evocations
  3823 | D:4      | Found an opulent altar of Gozag.
  3828 | D:4      | Found an opulent altar of Gozag.
  4212 | D:5      | Entered Level 5 of the Dungeon
  4240 | D:5      | Mangled by an ice beast

Illustrated notes

Levels and vault maps discovered:
D:1:      nagdon_arrival_zigzag_paths, layout_basic
D:2:      layout_basic, grunt_ministairs_5, uniq_sigmund, uniq_terence
D:3:      layout_basic, lemuel_zombie_altar_yredelemnul,
          hellmonk_ecumenical_altar_lost_god, gup_sewer_entry_glass,
          minivault_23
D:4:      layout_gridville, mainiacjoe_overflow_alcove_2,
          nicolae_gozag_conspicuous_consumption, serial_forest,
          infiniplex_forest_straight_2, infiniplex_forest_straight_1,
          infiniplex_forest_split, infiniplex_forest_zigzag_1,
          infiniplex_forest_end_1, infiniplex_forest_clump_large,
          infiniplex_forest_lined_ring, infiniplex_forest_lined_3,
          infiniplex_forest_lined_corner
D:5:      minmay_inner_zag, layout_loops_ring, nicolae_qazlal_style_of_elements,
          slow_altar_2, minmay_temple_entry_statues_pillars, serial_shops, shop,
          chequers_ossuary_entry_cave

Skill      XL: |  1  2  3  4  5  6  7 |
---------------+----------------------+-----
Axes           | 2 3 4 5 |  5.1
Armour         | 4 5 |  5.1
Fighting       | 4 |  4.9
Shields        | 4 |  4.2
Evocations     | 1 |  1.1
Stealth        | |  0.2

Action                   |  1- 3 |  4- 6 |  7- 9 || total
-------------------------+-------+-------+-------++-------
Melee: War axe           |    89 |   141 |    69 ||   299
  Use: Potion            |     2 |       |       ||     2
       Scroll            |       |     5 |     2 ||     7
Armor: Scale mail        |    47 |    92 |    32 ||   171
Dodge: Dodged            |    52 |    78 |    34 ||   164
Block: Buckler           |    22 |    28 |    20 ||    70

Table legend: (Time is in decaauts)
 A = Elapsed time spent in this place.
 B = Non-inter-level travel time spent in this place.
 C = Inter-level travel time spent in this place.
 D = Time resting spent in this place.
 E = Time spent auto-exploring this place.
 F = Levels seen in this place.
 G = Mean time per level.
                   A        B        C        D        E       F      G
               +--------+--------+--------+--------+--------+-----+--------+
         Total |   4358 |   4224 |    134 |    411 |   2861 |   6 |  726.3 |
       Dungeon |   3672 |   3538 |    134 |    259 |   2543 |   5 |  734.4 |
         Sewer |    686 |    686 |      0 |    152 |    317 |   1 |  686.0 |
               +--------+--------+--------+--------+--------+-----+--------+

Top non-repeatable levels by time:
     D:2: 1168 daAuts
     D:4: 1040 daAuts
     D:3: 758 daAuts
   Sewer: 686 daAuts
     D:1: 674 daAuts
     D:5: 29 daAuts
